Map: Ruins of Endion

Players

Miszu - Winner!

  • Race: Terran Terran
  • League: Master

llllllllllll

  • Race: Zerg Zerg
  • League: Master

VOD

Have the link to the VOD?

Description

Time

  • Played on: April 19, 2016, 3:28 p.m.
  • Length: 11:24
Show
View Real Time Build Order
Export as new Build Order

Miszu Terran - Winner!

Build Orders: Liberator Opening, Reaper Expand, Bio Tank 

Get SALT Encoding   

  12  0:00  SCV  
  13  0:13  SCV  
  14  0:17  Supply Depot  
  14  0:25  SCV  
  15  0:40  Barracks  
  15  0:43  Refinery  
  15  0:44  SCV  
  16  0:56  SCV  
  17  1:08  SCV  
  18  1:27  Reaper, Orbital Command  
  19  1:41  Command Center  
  19  1:52  Supply Depot  
  19  1:53  SCV  
  20  2:00  Refinery, Marine  
  21  2:05  SCV  
  22  2:16  Factory  
  22  2:17  SCV  
  23  2:24  Barracks Reactor  
  23  2:30  SCV  
  24  2:47  SCV  
  25  3:01  Marine x2  
  25  3:02  Factory Tech Lab  
  25  3:03  Starport  
  25  3:04  SCV  
  28  3:11  Orbital Command  
  28  3:16  SCV  
  28  3:18  Bunker  
  28  3:19  Marine x2  
  31  3:28  SCV  
  31  3:32  Siege Tank  
  31  3:33  Liberator  
  35  3:40  SCV  
  38  3:43  Supply Depot  
  38  3:44  SCV  
  38  3:45  Marine  
  40  3:48  Marine  
  40  3:52  SCV  
  43  3:56  SCV  
  44  4:04  SCV  
  45  4:10  SCV  
  45  4:16  Command Center, Liberator  
  46  4:17  SCV  
  46  4:22  SCV  
  48  4:29  SCV  
  48  4:30  Barracks  
  49  4:32  Barracks  
  49  4:34  Marine  
  49  4:37  SCV  
  54  4:45  SCV  
  55  4:48  Refinery  
  55  4:51  Siege Tank  
  55  4:52  SCV  
  59  4:58  Refinery  
  59  5:00  SCV  
  59  5:01  Marine  
  59  5:02  Engineering Bay  
  59  5:03  Engineering Bay  
  59  5:04  Marine  
  61  5:14  SCV x2  
  61  5:16  Starport Reactor  
  61  5:19  Marine  
  61  5:20  Barracks Tech Lab  
  61  5:21  Barracks Tech Lab  
  62  5:27  SCV x2, Orbital Command  
  65  5:36  Terran Infantry Armor Level 1  
  65  5:38  Terran Infantry Weapons Level 1  
  65  5:40  SCV x2, Stimpack  
  66  5:46  Supply Depot  
  66  5:52  SCV  
  66  5:55  Combat Shields  
  68  5:57  SCV  
  68  6:04  Marine x3, SCV  
  70  6:09  Barracks  
  70  6:10  Barracks  
  72  6:12  SCV  
  72  6:15  Medivac x2  
  72  6:16  Marine, SCV  
  79  6:21  Marine  
  79  6:23  Orbital Command  
  79  6:25  Supply Depot x2, SCV  
  81  6:28  SCV  
  81  6:29  Marine  
  81  6:30  Marine  
  84  6:34  Marine  
  84  6:35  Armory  
  85  6:46  Marine, Siege Tank, SCV x2  
  91  6:47  Marine  
  91  6:48  Supply Depot  
  92  6:55  SCV  
  92  6:58  SCV  
  92  6:59  Supply Depot  
  92  7:01  Supply Depot, SCV  
  95  7:03  Barracks Reactor x2  
  95  7:04  Marine  
  95  7:05  Marine x2  
  95  7:07  SCV  
  95  7:08  Marine  
  100  7:15  Medivac x2  
  104  7:21  Siege Tank  
  104  7:22  Marine  
  107  7:23  Marine x2  
  109  7:33  Marine  
  109  7:34  SCV  
  109  7:35  SCV  
  111  7:38  Terran Infantry Armor Level 2, SCV, Terran Infantry Weapons Level 2  
  111  7:39  Marine x2  
  111  7:40  Marine x3  
  111  7:41  Marine x2  
  111  7:43  Supply Depot  
  119  7:46  Supply Depot, SCV  
  119  7:47  SCV  
  119  7:51  Marine  
  121  7:53  Medivac  
  121  7:55  Medivac  
  121  7:57  Marine x2  
  125  7:59  Refinery  
  125  8:00  Refinery  
  125  8:02  Barracks  
  125  8:03  Barracks  
  125  8:04  Marine x3, Barracks  
  127  8:10  Marine x3  
  127  8:15  Marine x2, Siege Tank  
  131  8:22  Marine x2  
  131  8:23  Marine  
  134  8:27  Marine  
  134  8:28  Marine x2  
  134  8:33  Marine x2  
  139  8:38  Medivac  
  141  8:49  Marine, Barracks Tech Lab  
  141  8:50  Barracks Tech Lab  
  141  8:51  Barracks Tech Lab  
  141  8:52  Factory  
  141  8:56  Supply Depot  
  141  8:57  Supply Depot x2  
  141  8:59  Command Center  
  141  9:04  Marine x6, Medivac  
  149  9:17  Marine, Siege Tank  
  149  9:18  Marine, Marauder x2  
  149  9:19  Marauder  
  149  9:21  Marine x3  
  149  9:22  Marine  
  149  9:23  Marine  
  165  9:27  Supply Depot x3  
  165  9:28  Supply Depot  
  165  9:33  Marine  
  165  9:35  Marine  
  167  9:39  Marauder x2, Concussive Shells  
  167  9:40  Marauder  
  173  9:48  Marine x5  
  173  9:49  Marauder  
  173  9:50  Marine  
  180  9:53  Marine  
  177  10:00  Marauder x2  
  177  10:01  Marauder  
  177  10:06  Marine, Marauder  
  186  10:07  Marine  
  186  10:10  Marauder  
  187  10:18  Siege Tank  
  187  10:20  Marine  
  173  10:22  Marauder x2  
  173  10:23  Marine x3, Marauder  
  173  10:24  Marine  
  173  10:25  Marine  
  173  10:28  Marauder  
  182  10:31  Marine  
  169  10:42  Marine  
  165  10:43  Marine x6, Marauder  
  165  10:44  Marine, Medivac x2  
  165  10:49  Marine x2  
  181  10:50  Siege Tank  
  184  10:57  Factory Tech Lab  
  184  11:00  Marine  
  184  11:01  Marine x2  
  184  11:02  Marauder  
Show
View Real Time Build Order
Export as new Build Order

llllllllllll Zerg 

Build Orders: Hatch First 

Get SALT Encoding   

  12  0:00  Drone  
  13  0:12  Overlord  
  13  0:17  Drone  
  14  0:31  Drone x2  
  14  0:35  Drone  
  17  0:52  Hatchery  
  16  0:57  Drone  
  16  0:58  Drone  
  18  1:12  Spawning Pool  
  18  1:14  Drone  
  18  1:19  Drone  
  19  1:28  Extractor  
  19  1:29  Drone  
  19  1:45  Drone  
  20  1:47  Hatchery  
  20  1:52  Drone  
  21  2:01  Zergling x2  
  21  2:04  Queen  
  21  2:05  Zergling x2  
  24  2:15  Drone x2  
  26  2:21  Roach Warren  
  25  2:29  Overlord  
  25  2:34  Spore Crawler  
  25  2:36  Drone  
  27  2:44  Drone x2  
  27  2:49  Queen  
  30  3:04  Roach  
  31  3:06  Drone  
  31  3:07  Drone x4  
  35  3:13  Drone  
  35  3:14  Drone x2  
  38  3:21  Metabolic Boost  
  38  3:24  Overlord  
  38  3:35  Drone x2  
  38  3:40  Drone  
  41  3:41  Overlord  
  41  3:42  Queen  
  43  3:49  Drone x5  
  43  3:54  Drone  
  49  4:01  Roach x2  
  53  4:04  Drone  
  53  4:05  Drone x3  
  53  4:08  Lair  
  57  4:12  Overlord  
  57  4:30  Overlord x3  
  57  4:35  Spore Crawler x2  
  57  4:36  Spore Crawler  
  54  4:39  Ravager x2  
  54  4:41  Drone x9  
  54  4:43  Extractor  
  64  4:46  Extractor  
  64  4:47  Drone  
  64  4:52  Drone x3  
  67  4:53  Drone x2  
  65  5:17  Drone x6  
  71  5:25  Evolution Chamber x2  
  71  5:26  Drone x2  
  71  5:27  Baneling Nest  
  70  5:33  Pneumatized Carapace  
  70  5:34  Queen  
  72  5:40  Drone x2  
  72  5:41  Drone x3  
  77  5:45  Extractor x2  
  75  6:01  Drone x5  
  75  6:04  Extractor  
  79  6:06  Zerg Melee Weapons Level 1, Zerg Ground Armor Level 1  
  79  6:16  Overseer  
  79  6:18  Overlord  
  79  6:19  Overlord x6  
  79  6:25  Centrifical Hooks  
  79  6:27  Zergling x2  
  79  6:28  Zergling x2  
  81  6:37  Roach  
  81  6:38  Roach x6  
  95  6:46  Hatchery  
  94  6:50  Roach  
  94  6:51  Roach x4  
  104  6:56  Hatchery  
  104  6:58  Roach  
  104  6:59  Roach x3  
  111  7:07  Roach  
  111  7:08  Roach x5  
  123  7:12  Glial Reconstitution  
  123  7:19  Zergling x6  
  117  7:35  Drone x2  
  117  7:36  Drone x2  
  117  7:37  Drone x5  
  124  7:43  Ravager x5  
  124  7:44  Ravager  
  130  7:48  Drone x3  
  133  7:57  Roach  
  133  7:58  Roach  
  134  8:12  Hatchery  
  133  8:14  Queen  
  133  8:15  Queen x2  
  133  8:17  Zerg Ground Armor Level 2, Zerg Melee Weapons Level 2  
  133  8:19  Roach x3  
  138  8:28  Zergling x6  
  138  8:30  Overlord  
  138  8:31  Overlord x8  
  141  8:53  Zergling x2  
  141  8:54  Zergling x28  
  156  8:57  Baneling  
  156  8:58  Baneling x9  
  156  9:06  Zergling x2  
  156  9:07  Zergling x12  
  163  9:15  Infestation Pit  
  162  9:18  Baneling  
  162  9:19  Baneling x19  
  162  9:20  Baneling x5  
  162  9:22  Roach  
  163  9:38  Roach  
  163  9:39  Roach x7  
  163  9:42  Zergling x6  
  163  10:19  Roach  
  163  10:20  Roach x17  
  190  10:23  Baneling x3  
  146  10:38  Zergling x2  
  146  10:39  Zergling x20  
  127  10:51  Roach  
  127  10:52  Roach x5  
Tags
 
Add a new tag
Caveats
  • Supply blocks, unpowered buildings, or Contaminate may cause inaccurate times.
  • Supply counts are checked every 10 seconds.